[ AOE2 MATCH · #492506094 ]
UnrankedJapanese vs Italians
[ REPLAY ANALYSIS · EXTRACTED FROM THE RECORDED GAME ]
Feudal
10:56
Castle
14:31
Imperial
29:43
| APM avg | 42.4 |
| APM peak | 76 |
| eAPM avg | 29.3 |
| Villagers / military | 189 / 127 |
Focus
⚔️ 42.7% · 🌾 57.3%
Militia ×97 · Spearman ×18 · Trebuchet (Packed) ×5 · Monk ×4 · Scout Cavalry ×2 · Mangonel ×1
Feudal
10:36
Castle
14:06
Imperial
27:24
| APM avg | 52.3 |
| APM peak | 94 |
| eAPM avg | 29.3 |
| Villagers / military | 125 / 115 |
Focus
⚔️ 32.4% · 🌾 67.6%
Genoese Crossbowman ×84 · Bombard Cannon ×31 · Unknown (882) ×6
Feudal
10:32
Castle
14:07
Imperial
28:36
| APM avg | 36.7 |
| APM peak | 64 |
| eAPM avg | 25.7 |
| Villagers / military | 161 / 187 |
Focus
⚔️ 41.4% · 🌾 58.6%
Unknown (882) ×130 · Militia ×82 · Battering Ram ×61 · Spearman ×39 · Monk ×5
Feudal
11:21
Castle
15:03
Imperial
33:19
| APM avg | 55.0 |
| APM peak | 101 |
| eAPM avg | 36.9 |
| Villagers / military | 177 / 103 |
Focus
⚔️ 46.0% · 🌾 54.0%
Camel Scout ×51 · Mameluke ×49 · Trebuchet (Packed) ×2 · Knight ×1
Feudal
9:41
Castle
23:56
Imperial
—
| APM avg | 37.6 |
| APM peak | 82 |
| eAPM avg | 21.1 |
| Villagers / military | 118 / 158 |
Focus
⚔️ 36.6% · 🌾 63.4%
Cavalry Archer ×118 · Archer ×38 · Monk ×1 · Scout Cavalry ×1
Feudal
10:58
Castle
14:28
Imperial
28:32
| APM avg | 32.8 |
| APM peak | 70 |
| eAPM avg | 22.4 |
| Villagers / military | 179 / 38 |
Focus
⚔️ 28.2% · 🌾 71.8%
Camel Archer ×18 · Knight ×12 · Trebuchet (Packed) ×5 · Scout Cavalry ×3
Feudal
8:38
Castle
22:47
Imperial
32:49
| APM avg | 49.0 |
| APM peak | 105 |
| eAPM avg | 33.1 |
| Villagers / military | 217 / 142 |
Focus
⚔️ 50.2% · 🌾 49.8%
Steppe Lancer ×95 · Knight ×22 · Battering Ram ×18 · Camel Scout ×3 · Trebuchet (Packed) ×3 · Mangonel ×1
Feudal
11:10
Castle
14:45
Imperial
36:54
| APM avg | 49.9 |
| APM peak | 80 |
| eAPM avg | 26.8 |
| Villagers / military | 165 / 32 |
Focus
⚔️ 38.1% · 🌾 61.9%
Longbowman ×24 · Mangonel ×5 · Scorpion ×2 · Trebuchet (Packed) ×1
Match map
Initial resources + every placement click. Lines = walls · curves = elevation contours. ◆ gold · ⬟ stone · ● berries · ✦ relic · ◌ wall gap
Your base· ✓ Closed at 14:31 · 0t walls · 3 gate(s)
Akira's base· ✓ Closed at 14:06 · 14t walls · 3 gate(s)
YukiYukiYukino's base· ✓ Closed at 14:07 · 14t walls · 2 gate(s)
AceRx's base· ✓ Closed at 15:03 · 4t walls · 4 gate(s)
0.o's base· ✓ Closed at 23:56 · 0t walls · 2 gate(s)
Kaarlos's base· ✓ Closed at 14:28 · 16t walls · 2 gate(s)
痛果牧羊人's base· ✓ Closed at 22:47 · 0t walls · 3 gate(s)
Hui's base· ✓ Closed at 14:45 · 20t walls · 5 gate(s)
Smoothed initial terrain · ◌ = detected wall gap · hover for details
Inputs per minute
— [hkbb] Munzo__ - - Akira
Build order — [hkbb] Munzo__
First 150 of 545 actions detected
| 0:01 | Create | Villager (Male) |
| 0:01 | Create | Villager (Male) |
| 0:02 | Create | Villager (Male) |
| 0:03 | Build | House |
| 0:04 | Build | House |
| 0:10 | Create | Villager (Male) |
| 1:25 | Create | Villager (Male) |
| 1:51 | Create | Villager (Male) |
| 2:00 | Build | Lumber Camp |
| 2:21 | Create | Villager (Male) |
| 2:21 | Create | Villager (Male) |
| 2:45 | Build | Lumber Camp |
| 2:50 | Create | Villager (Male) |
| 3:05 | Create | Villager (Male) |
| 3:26 | Build | House |
| 3:27 | Build | House |
| 3:31 | Create | Villager (Male) |
| 4:01 | Create | Villager (Male) |
| 4:34 | Create | Villager (Male) |
| 4:34 | Create | Villager (Male) |
| 4:37 | Build | House |
| 4:46 | Build | Mill |
| 4:48 | Create | Villager (Male) |
| 4:48 | Create | Villager (Male) |
| 5:40 | Create | Villager (Male) |
| 5:57 | Build | Mill |
| 6:00 | Create | Villager (Male) |
| 6:01 | Create | Villager (Male) |
| 6:02 | Create | Villager (Male) |
| 6:32 | Create | Villager (Male) |
| 6:32 | Create | Villager (Male) |
| 7:13 | Build | Mining Camp |
| 7:27 | Create | Villager (Male) |
| 8:00 | Build | Farm |
| 8:05 | Create | Villager (Male) |
| 8:27 | Build | Barracks |
| 8:37 | Research | Feudal Age |
| 8:38 | Research | Feudal Age |
| 9:12 | Create | Villager (Male) |
| 9:12 | Create | Villager (Male) |
| 9:16 | Build | Farm |
| 10:32 | Build | Farm |
| 10:56 | Age | Feudal Age |
| 10:57 | Build | Stable |
| 11:01 | Build | Blacksmith |
| 11:36 | Build | House |
| 11:51 | Research | Castle Age |
| 11:52 | Research | Castle Age |
| 11:55 | Research | Double-Bit Axe |
| 12:13 | Research | Horse Collar |
| 12:13 | Research | Horse Collar |
| 12:24 | Build | House |
| 12:34 | Create | Villager (Male) |
| 12:36 | Build | Farm |
| 12:38 | Build | Farm |
| 12:50 | Build | Farm |
| 12:53 | Create | Scout Cavalry |
| 13:01 | Create | Villager (Male) |
| 13:03 | Build | Farm |
| 13:27 | Create | Spearman |
| 13:53 | Create | Scout Cavalry |
| 13:54 | Create | Spearman |
| 14:20 | Create | Villager (Male) |
| 14:31 | Age | Castle Age |
| 14:32 | Build | Monastery |
| 14:45 | Build | Town Center |
| 14:55 | Research | Scale Barding Armor |
| 15:08 | Create | Villager (Male) |
| 15:10 | Build | Farm |
| 15:18 | Research | Light Cavalry (upgrade) |
| 15:18 | Research | Light Cavalry (upgrade) |
| 15:22 | Create | Monk |
| 15:45 | Research | Scale Barding Armor |
| 15:46 | Create | Villager (Male) |
| 15:53 | Build | Farm |
| 15:57 | Build | Farm |
| 16:00 | Create | Villager (Male) |
| 16:07 | Create | Villager (Male) |
| 16:28 | Create | Villager (Male) |
| 16:28 | Create | Villager (Male) |
| 16:37 | Build | Farm |
| 16:39 | Build | Farm |
| 16:43 | Create | Villager (Male) |
| 16:44 | Create | Villager (Male) |
| 16:55 | Create | Villager (Male) |
| 16:55 | Create | Villager (Male) |
| 16:58 | Create | Villager (Male) |
| 17:11 | Build | Town Center |
| 17:18 | Create | Villager (Male) |
| 17:18 | Create | Villager (Male) |
| 17:30 | Create | Villager (Male) |
| 17:30 | Create | Villager (Male) |
| 17:30 | Create | Villager (Male) |
| 17:32 | Build | House |
| 17:33 | Build | House |
| 17:52 | Create | Villager (Male) |
| 18:03 | Create | Villager (Male) |
| 18:05 | Build | Farm |
| 18:08 | Create | Villager (Male) |
| 18:17 | Create | Monk |
| 18:30 | Research | Wheelbarrow |
| 18:30 | Research | Wheelbarrow |
| 18:35 | Build | Farm |
| 18:37 | Build | Farm |
| 18:41 | Build | House |
| 18:42 | Build | House |
| 18:43 | Build | House |
| 18:47 | Create | Villager (Male) |
| 18:47 | Create | Villager (Male) |
| 18:53 | Build | Farm |
| 18:53 | Create | Villager (Male) |
| 18:54 | Create | Villager (Male) |
| 18:56 | Build | Farm |
| 18:57 | Build | Farm |
| 19:03 | Create | Villager (Male) |
| 19:30 | Research | Heavy Plow |
| 19:30 | Research | Heavy Plow |
| 19:31 | Create | Villager (Male) |
| 19:31 | Create | Villager (Male) |
| 19:40 | Create | Villager (Male) |
| 19:41 | Create | Villager (Male) |
| 19:44 | Build | Farm |
| 19:48 | Build | Farm |
| 19:57 | Create | Villager (Male) |
| 19:57 | Create | Villager (Male) |
| 19:58 | Create | Villager (Male) |
| 19:58 | Create | Villager (Male) |
| 20:05 | Create | Villager (Male) |
| 20:10 | Build | Farm |
| 20:17 | Create | Villager (Male) |
| 20:26 | Build | House |
| 20:26 | Build | House |
| 20:30 | Create | Spearman |
| 20:33 | Create | Villager (Male) |
| 20:42 | Create | Villager (Male) |
| 20:42 | Create | Villager (Male) |
| 20:45 | Create | Villager (Male) |
| 20:52 | Create | Villager (Male) |
| 21:07 | Create | Villager (Male) |
| 21:07 | Create | Villager (Male) |
| 21:11 | Build | Farm |
| 21:12 | Build | Farm |
| 21:13 | Create | Villager (Male) |
| 21:13 | Create | Villager (Male) |
| 21:27 | Create | Villager (Male) |
| 21:27 | Create | Villager (Male) |
| 21:27 | Create | Villager (Male) |
| 21:32 | Build | House |
| 21:33 | Create | Villager (Male) |
| 21:33 | Create | Villager (Male) |
Build order — Akira
First 150 of 424 actions detected
| 0:00 | Create | Villager (Male) |
| 0:03 | Build | House |
| 0:04 | Build | House |
| 0:25 | Create | Villager (Male) |
| 0:47 | Create | Villager (Male) |
| 1:13 | Create | Villager (Male) |
| 1:38 | Create | Villager (Male) |
| 1:52 | Build | Lumber Camp |
| 2:03 | Create | Villager (Male) |
| 2:28 | Create | Villager (Male) |
| 2:53 | Create | Villager (Male) |
| 3:18 | Create | Villager (Male) |
| 3:35 | Build | House |
| 3:42 | Create | Villager (Male) |
| 3:51 | Build | Mill |
| 4:09 | Create | Villager (Male) |
| 4:41 | Create | Villager (Male) |
| 4:47 | Build | Palisade Wall |
| 4:50 | Build | Palisade Wall |
| 4:54 | Build | Palisade Wall |
| 4:55 | Build | Palisade Wall |
| 5:03 | Create | Villager (Male) |
| 5:04 | Build | Palisade Wall |
| 5:05 | Build | Palisade Wall |
| 5:06 | Build | Palisade Wall |
| 5:10 | Build | Palisade Wall |
| 5:15 | Build | Palisade Wall |
| 5:20 | Build | Palisade Wall |
| 5:24 | Build | Palisade Wall |
| 5:29 | Build | Palisade Wall |
| 5:29 | Create | Villager (Male) |
| 5:31 | Build | Palisade Wall |
| 5:34 | Build | Palisade Wall |
| 5:36 | Build | House |
| 5:51 | Build | House |
| 5:51 | Build | House |
| 5:53 | Create | Villager (Male) |
| 6:18 | Create | Villager (Male) |
| 6:44 | Create | Villager (Male) |
| 7:08 | Create | Villager (Male) |
| 7:25 | Create | Villager (Male) |
| 7:26 | Create | Villager (Male) |
| 8:07 | Research | Feudal Age |
| 8:07 | Research | Feudal Age |
| 9:24 | Create | Villager (Male) |
| 9:24 | Create | Villager (Male) |
| 10:36 | Age | Feudal Age |
| 10:37 | Build | Market |
| 10:39 | Build | Blacksmith |
| 10:42 | Create | Villager (Male) |
| 10:44 | Research | Double-Bit Axe |
| 11:25 | Research | Castle Age |
| 11:25 | Research | Castle Age |
| 11:27 | Research | Horse Collar |
| 11:44 | Build | Farm |
| 11:46 | Build | Farm |
| 11:53 | Build | Farm |
| 11:56 | Build | Farm |
| 12:16 | Build | Farm |
| 12:37 | Create | Villager (Male) |
| 12:37 | Create | Villager (Male) |
| 12:42 | Build | Farm |
| 14:06 | Age | Castle Age |
| 14:09 | Build | Town Center |
| 14:13 | Build | Town Center |
| 14:17 | Research | Bow Saw |
| 14:18 | Research | Bow Saw |
| 14:18 | Research | Bow Saw |
| 14:19 | Research | Wheelbarrow |
| 14:20 | Research | Wheelbarrow |
| 14:43 | Build | Farm |
| 14:59 | Build | Farm |
| 15:06 | Build | Farm |
| 15:25 | Build | Farm |
| 15:30 | Create | Villager (Male) |
| 15:30 | Create | Villager (Male) |
| 15:30 | Create | Villager (Male) |
| 15:52 | Create | Villager (Male) |
| 15:52 | Create | Villager (Male) |
| 16:05 | Build | Farm |
| 16:07 | Build | Farm |
| 16:08 | Build | Farm |
| 16:12 | Build | House |
| 16:17 | Create | Villager (Male) |
| 16:17 | Create | Villager (Male) |
| 16:20 | Build | House |
| 16:21 | Build | House |
| 16:30 | Build | Farm |
| 16:33 | Create | Villager (Male) |
| 16:42 | Create | Villager (Male) |
| 16:42 | Create | Villager (Male) |
| 16:44 | Build | Farm |
| 16:48 | Build | Farm |
| 16:58 | Create | Villager (Male) |
| 17:02 | Build | House |
| 17:08 | Create | Villager (Male) |
| 17:08 | Create | Villager (Male) |
| 17:24 | Create | Villager (Male) |
| 17:33 | Create | Villager (Male) |
| 17:33 | Create | Villager (Male) |
| 17:42 | Build | Town Center |
| 17:46 | Build | Farm |
| 17:48 | Create | Villager (Male) |
| 17:56 | Build | House |
| 17:58 | Create | Villager (Male) |
| 17:58 | Create | Villager (Male) |
| 17:58 | Build | House |
| 18:11 | Build | Farm |
| 18:12 | Build | Farm |
| 18:13 | Create | Villager (Male) |
| 18:21 | Research | Town Watch |
| 18:23 | Create | Villager (Male) |
| 18:38 | Create | Villager (Male) |
| 18:40 | Build | House |
| 18:47 | Create | Villager (Male) |
| 18:47 | Create | Villager (Male) |
| 18:51 | Create | Villager (Male) |
| 19:02 | Build | Farm |
| 19:03 | Create | Villager (Male) |
| 19:13 | Create | Villager (Male) |
| 19:13 | Create | Villager (Male) |
| 19:13 | Create | Villager (Male) |
| 19:14 | Build | Farm |
| 19:15 | Build | Farm |
| 19:17 | Build | Farm |
| 19:21 | Build | House |
| 19:22 | Build | House |
| 19:28 | Create | Villager (Male) |
| 19:38 | Build | Farm |
| 19:38 | Create | Villager (Male) |
| 19:38 | Create | Villager (Male) |
| 19:38 | Create | Villager (Male) |
| 19:40 | Build | Farm |
| 19:42 | Build | Farm |
| 19:55 | Build | Farm |
| 19:56 | Build | Farm |
| 19:57 | Build | Farm |
| 20:11 | Research | Hand Cart |
| 20:11 | Research | Hand Cart |
| 20:13 | Research | Loom |
| 20:13 | Create | Villager (Male) |
| 20:13 | Create | Villager (Male) |
| 20:22 | Build | House |
| 20:23 | Build | House |
| 20:23 | Create | Villager (Male) |
| 20:30 | Create | Villager (Male) |
| 20:35 | Create | Villager (Male) |
| 20:45 | Create | Villager (Male) |
| 20:54 | Build | Mill |
| 20:54 | Build | Farm |
Build order — YukiYukiYukino
First 150 of 461 actions detected
| 0:01 | Create | Villager (Male) |
| 0:02 | Build | House |
| 0:04 | Build | House |
| 0:04 | Create | Villager (Male) |
| 0:04 | Create | Villager (Male) |
| 0:05 | Create | Villager (Male) |
| 0:05 | Create | Villager (Male) |
| 1:24 | Create | Villager (Male) |
| 1:24 | Create | Villager (Male) |
| 1:49 | Create | Villager (Male) |
| 1:49 | Create | Villager (Male) |
| 2:01 | Build | Lumber Camp |
| 2:18 | Create | Villager (Male) |
| 2:50 | Create | Villager (Male) |
| 2:50 | Create | Villager (Male) |
| 2:50 | Create | Villager (Male) |
| 2:59 | Create | Villager (Male) |
| 3:32 | Create | Villager (Male) |
| 3:32 | Create | Villager (Male) |
| 3:36 | Build | House |
| 3:56 | Build | Mill |
| 4:00 | Create | Villager (Male) |
| 4:00 | Create | Villager (Male) |
| 4:22 | Build | House |
| 4:37 | Create | Villager (Male) |
| 4:39 | Create | Villager (Male) |
| 4:39 | Create | Villager (Male) |
| 4:42 | Build | House |
| 5:09 | Create | Villager (Male) |
| 5:16 | Create | Villager (Male) |
| 5:16 | Create | Villager (Male) |
| 5:45 | Create | Villager (Male) |
| 5:46 | Create | Villager (Male) |
| 6:03 | Build | Palisade Wall |
| 6:09 | Build | Palisade Wall |
| 6:10 | Build | Palisade Wall |
| 6:13 | Build | Palisade Wall |
| 6:16 | Create | Villager (Male) |
| 6:18 | Build | Palisade Wall |
| 6:20 | Build | Palisade Wall |
| 6:25 | Build | Palisade Wall |
| 6:28 | Build | Palisade Wall |
| 6:32 | Build | Palisade Wall |
| 6:34 | Build | Palisade Wall |
| 6:38 | Build | Palisade Wall |
| 6:40 | Create | Villager (Male) |
| 6:40 | Create | Villager (Male) |
| 6:44 | Build | Palisade Wall |
| 6:52 | Build | Palisade Wall |
| 6:55 | Build | Palisade Wall |
| 7:00 | Create | Villager (Male) |
| 7:00 | Create | Villager (Male) |
| 7:02 | Create | Villager (Male) |
| 7:02 | Create | Villager (Male) |
| 7:02 | Create | Villager (Male) |
| 7:31 | Create | Villager (Male) |
| 7:49 | Create | Villager (Male) |
| 8:06 | Build | Mining Camp |
| 8:13 | Research | Feudal Age |
| 8:14 | Research | Feudal Age |
| 8:51 | Build | Farm |
| 10:21 | Create | Villager (Male) |
| 10:21 | Create | Villager (Male) |
| 10:32 | Age | Feudal Age |
| 10:38 | Build | Market |
| 10:43 | Build | Blacksmith |
| 10:57 | Research | Double-Bit Axe |
| 10:57 | Research | Double-Bit Axe |
| 11:27 | Research | Castle Age |
| 11:27 | Research | Castle Age |
| 11:54 | Research | Horse Collar |
| 11:55 | Research | Horse Collar |
| 11:59 | Build | Farm |
| 12:06 | Build | Farm |
| 12:13 | Build | Farm |
| 12:32 | Build | Farm |
| 12:38 | Build | House |
| 12:49 | Build | Farm |
| 12:52 | Create | Villager (Male) |
| 13:33 | Build | Farm |
| 13:38 | Build | Farm |
| 14:07 | Age | Castle Age |
| 14:09 | Build | Monastery |
| 14:11 | Create | Villager (Male) |
| 14:20 | Build | Town Center |
| 14:30 | Create | Villager (Male) |
| 14:46 | Research | Bow Saw |
| 15:01 | Create | Villager (Male) |
| 15:03 | Create | Monk |
| 15:28 | Build | Town Center |
| 15:29 | Create | Villager (Male) |
| 15:38 | Create | Monk |
| 15:40 | Create | Villager (Male) |
| 15:48 | Create | Villager (Male) |
| 15:51 | Create | Villager (Male) |
| 15:52 | Create | Villager (Male) |
| 15:52 | Create | Villager (Male) |
| 15:56 | Build | Farm |
| 16:10 | Create | Villager (Male) |
| 16:15 | Build | Farm |
| 16:20 | Build | Farm |
| 16:31 | Create | Villager (Male) |
| 16:34 | Build | Farm |
| 16:36 | Create | Villager (Male) |
| 16:50 | Create | Villager (Male) |
| 16:52 | Create | Villager (Male) |
| 16:52 | Create | Villager (Male) |
| 16:52 | Create | Villager (Male) |
| 17:00 | Create | Monk |
| 17:08 | Build | Farm |
| 17:11 | Build | Farm |
| 17:11 | Create | Villager (Male) |
| 17:16 | Build | Farm |
| 17:20 | Create | Villager (Male) |
| 17:20 | Create | Villager (Male) |
| 17:21 | Create | Villager (Male) |
| 17:24 | Build | Farm |
| 17:25 | Build | Farm |
| 17:26 | Create | Villager (Male) |
| 17:26 | Create | Villager (Male) |
| 17:33 | Build | House |
| 17:43 | Create | Villager (Male) |
| 17:43 | Create | Villager (Male) |
| 17:54 | Build | Farm |
| 17:55 | Research | Wheelbarrow |
| 17:55 | Research | Wheelbarrow |
| 18:00 | Build | Farm |
| 18:08 | Create | Villager (Male) |
| 18:14 | Create | Villager (Male) |
| 18:19 | Build | Farm |
| 18:22 | Create | Villager (Male) |
| 18:34 | Create | Monk |
| 18:38 | Create | Villager (Male) |
| 18:38 | Create | Villager (Male) |
| 18:39 | Create | Villager (Male) |
| 18:51 | Create | Villager (Male) |
| 18:52 | Create | Villager (Male) |
| 19:05 | Create | Villager (Male) |
| 19:05 | Create | Villager (Male) |
| 19:07 | Build | House |
| 19:11 | Create | Villager (Male) |
| 19:29 | Build | House |
| 19:37 | Build | House |
| 19:38 | Build | House |
| 19:39 | Build | House |
| 19:40 | Create | Villager (Male) |
| 19:44 | Build | Town Center |
| 19:47 | Create | Monk |
| 19:49 | Create | Villager (Male) |
| 20:02 | Create | Villager (Male) |
Build order — AceRx
First 150 of 464 actions detected
| 0:00 | Create | Villager (Male) |
| 0:01 | Create | Villager (Male) |
| 0:02 | Build | House |
| 0:03 | Build | House |
| 0:05 | Create | Villager (Male) |
| 0:09 | Create | Villager (Male) |
| 0:09 | Create | Villager (Male) |
| 1:25 | Create | Villager (Male) |
| 1:50 | Create | Villager (Male) |
| 2:04 | Build | Lumber Camp |
| 2:07 | Create | Villager (Male) |
| 2:39 | Create | Villager (Male) |
| 2:40 | Create | Villager (Male) |
| 2:56 | Create | Villager (Male) |
| 3:22 | Create | Villager (Male) |
| 3:24 | Build | House |
| 3:24 | Build | House |
| 3:52 | Create | Villager (Male) |
| 4:19 | Create | Villager (Male) |
| 4:29 | Build | Palisade Gate |
| 4:31 | Build | Palisade Gate |
| 4:33 | Build | Palisade Wall |
| 4:38 | Create | Villager (Male) |
| 4:54 | Create | Villager (Male) |
| 5:00 | Build | Palisade Gate |
| 5:07 | Build | Palisade Wall |
| 5:13 | Build | Palisade Wall |
| 5:15 | Build | Palisade Wall |
| 5:25 | Create | Villager (Male) |
| 5:48 | Build | Mill |
| 5:49 | Create | Villager (Male) |
| 6:08 | Create | Villager (Male) |
| 6:32 | Create | Villager (Male) |
| 6:40 | Create | Villager (Male) |
| 6:56 | Create | Villager (Male) |
| 7:36 | Build | House |
| 8:07 | Create | Villager (Male) |
| 8:34 | Build | Lumber Camp |
| 8:44 | Create | Villager (Male) |
| 8:58 | Build | Farm |
| 9:00 | Build | Farm |
| 9:05 | Research | Feudal Age |
| 9:27 | Build | Mining Camp |
| 11:04 | Create | Villager (Male) |
| 11:05 | Create | Villager (Male) |
| 11:21 | Age | Feudal Age |
| 11:26 | Build | Market |
| 11:28 | Build | Blacksmith |
| 12:23 | Research | Castle Age |
| 12:39 | Research | Double-Bit Axe |
| 12:40 | Research | Double-Bit Axe |
| 12:49 | Research | Horse Collar |
| 12:50 | Research | Horse Collar |
| 12:52 | Build | Farm |
| 12:54 | Build | Farm |
| 12:56 | Build | Farm |
| 13:09 | Build | Farm |
| 13:23 | Build | House |
| 13:56 | Build | House |
| 14:18 | Build | Farm |
| 14:36 | Create | Villager (Male) |
| 14:55 | Build | Barracks |
| 14:59 | Build | Farm |
| 15:03 | Age | Castle Age |
| 15:05 | Research | Bow Saw |
| 15:06 | Research | Heavy Plow |
| 15:11 | Create | Villager (Male) |
| 15:30 | Create | Villager (Male) |
| 15:38 | Build | Stable |
| 15:42 | Build | Farm |
| 15:43 | Build | Farm |
| 15:53 | Research | Wheelbarrow |
| 15:53 | Research | Wheelbarrow |
| 16:12 | Create | Villager (Male) |
| 16:18 | Create | Villager (Male) |
| 16:26 | Create | Knight |
| 16:48 | Build | Town Center |
| 16:50 | Create | Villager (Male) |
| 17:14 | Create | Villager (Male) |
| 17:31 | Create | Villager (Male) |
| 17:33 | Build | Town Center |
| 17:47 | Create | Villager (Male) |
| 18:03 | Create | Villager (Male) |
| 18:15 | Create | Villager (Male) |
| 18:37 | Create | Villager (Male) |
| 18:46 | Create | Villager (Male) |
| 18:49 | Build | Farm |
| 18:57 | Create | Villager (Male) |
| 18:58 | Create | Villager (Male) |
| 19:01 | Build | Farm |
| 19:02 | Build | Farm |
| 19:04 | Build | Farm |
| 19:06 | Build | Farm |
| 19:14 | Build | Farm |
| 19:15 | Create | Villager (Male) |
| 19:17 | Build | Farm |
| 19:19 | Create | Villager (Male) |
| 19:21 | Build | Farm |
| 19:22 | Build | Farm |
| 19:24 | Create | Villager (Male) |
| 19:31 | Create | Villager (Male) |
| 19:43 | Build | Town Center |
| 19:49 | Create | Villager (Male) |
| 19:53 | Build | House |
| 19:54 | Build | House |
| 19:55 | Create | Villager (Male) |
| 20:01 | Build | Farm |
| 20:03 | Build | Farm |
| 20:03 | Create | Villager (Male) |
| 20:10 | Create | Villager (Male) |
| 20:21 | Create | Villager (Male) |
| 20:24 | Create | Villager (Male) |
| 20:29 | Build | Farm |
| 20:29 | Build | Farm |
| 20:30 | Build | Farm |
| 20:30 | Build | Farm |
| 20:30 | Build | Farm |
| 20:31 | Build | Farm |
| 20:33 | Create | Villager (Male) |
| 20:42 | Build | House |
| 20:43 | Create | Villager (Male) |
| 20:46 | Create | Villager (Male) |
| 20:57 | Create | Villager (Male) |
| 21:00 | Build | Farm |
| 21:10 | Create | Villager (Male) |
| 21:12 | Build | Farm |
| 21:13 | Create | Villager (Male) |
| 21:17 | Create | Villager (Male) |
| 21:21 | Build | Farm |
| 21:23 | Build | Farm |
| 21:23 | Build | Farm |
| 21:24 | Build | Farm |
| 21:28 | Build | House |
| 21:29 | Build | House |
| 21:29 | Create | Villager (Male) |
| 21:31 | Create | Villager (Male) |
| 21:33 | Build | Farm |
| 21:37 | Create | Villager (Male) |
| 21:45 | Create | Villager (Male) |
| 21:52 | Build | Farm |
| 21:52 | Create | Villager (Male) |
| 21:56 | Create | Villager (Male) |
| 21:58 | Build | Farm |
| 22:00 | Create | Villager (Male) |
| 22:02 | Create | Villager (Male) |
| 22:05 | Build | Farm |
| 22:06 | Build | Farm |
| 22:07 | Build | Farm |
| 22:08 | Build | Farm |
| 22:09 | Create | Villager (Male) |
Build order — 0.o
First 150 of 375 actions detected
| 0:01 | Create | Villager (Male) |
| 0:01 | Create | Villager (Male) |
| 0:13 | Create | Villager (Male) |
| 0:13 | Create | Villager (Male) |
| 0:14 | Create | Villager (Male) |
| 0:14 | Create | Villager (Male) |
| 1:06 | Create | Villager (Male) |
| 1:42 | Create | Villager (Male) |
| 2:01 | Create | Villager (Male) |
| 2:18 | Build | Lumber Camp |
| 2:30 | Create | Villager (Male) |
| 2:30 | Create | Villager (Male) |
| 2:49 | Create | Villager (Male) |
| 3:29 | Create | Villager (Male) |
| 3:29 | Create | Villager (Male) |
| 3:33 | Create | Villager (Male) |
| 3:33 | Create | Villager (Male) |
| 3:50 | Create | Villager (Male) |
| 4:24 | Create | Villager (Male) |
| 4:24 | Create | Villager (Male) |
| 4:40 | Create | Villager (Male) |
| 5:00 | Create | Villager (Male) |
| 5:01 | Create | Villager (Male) |
| 5:14 | Create | Villager (Male) |
| 5:44 | Create | Villager (Male) |
| 6:42 | Build | Mining Camp |
| 7:04 | Create | Villager (Male) |
| 7:16 | Research | Feudal Age |
| 8:08 | Build | Barracks |
| 8:27 | Create | Villager (Male) |
| 9:41 | Age | Feudal Age |
| 9:43 | Build | Archery Range |
| 9:45 | Build | Archery Range |
| 9:48 | Create | Villager (Male) |
| 9:56 | Create | Villager (Male) |
| 10:08 | Build | Mill |
| 10:15 | Research | Double-Bit Axe |
| 10:19 | Create | Villager (Male) |
| 10:28 | Create | Villager (Male) |
| 10:35 | Build | Blacksmith |
| 10:38 | Create | Archer |
| 10:38 | Create | Archer |
| 10:40 | Create | Villager (Male) |
| 11:02 | Create | Archer |
| 11:03 | Create | Archer |
| 11:05 | Create | Archer |
| 11:06 | Create | Archer |
| 11:24 | Research | Fletching |
| 11:28 | Create | Archer |
| 11:29 | Create | Archer |
| 11:30 | Create | Archer |
| 11:55 | Create | Villager (Male) |
| 11:56 | Create | Villager (Male) |
| 11:57 | Create | Archer |
| 11:58 | Create | Archer |
| 12:12 | Build | Archery Range |
| 12:22 | Create | Villager (Male) |
| 12:22 | Create | Villager (Male) |
| 12:23 | Create | Villager (Male) |
| 12:56 | Create | Villager (Male) |
| 12:57 | Create | Archer |
| 13:05 | Create | Archer |
| 13:06 | Create | Archer |
| 13:06 | Create | Archer |
| 13:07 | Create | Archer |
| 13:07 | Create | Archer |
| 13:15 | Create | Archer |
| 13:30 | Create | Archer |
| 13:31 | Create | Villager (Male) |
| 13:38 | Create | Villager (Male) |
| 13:41 | Create | Archer |
| 13:42 | Create | Archer |
| 13:42 | Create | Archer |
| 13:50 | Create | Villager (Male) |
| 14:03 | Create | Archer |
| 14:03 | Create | Archer |
| 14:32 | Create | Archer |
| 14:32 | Create | Archer |
| 14:32 | Create | Archer |
| 14:33 | Create | Villager (Male) |
| 14:34 | Create | Villager (Male) |
| 14:34 | Create | Villager (Male) |
| 14:53 | Create | Archer |
| 14:53 | Create | Archer |
| 14:53 | Create | Archer |
| 15:07 | Create | Villager (Male) |
| 15:15 | Research | Horse Collar |
| 15:19 | Create | Archer |
| 15:33 | Create | Villager (Male) |
| 15:35 | Build | Farm |
| 15:36 | Build | Farm |
| 15:37 | Build | Farm |
| 15:39 | Build | Farm |
| 15:41 | Create | Archer |
| 16:48 | Create | Archer |
| 16:48 | Create | Archer |
| 16:49 | Create | Archer |
| 16:49 | Create | Villager (Male) |
| 16:50 | Create | Villager (Male) |
| 16:50 | Create | Villager (Male) |
| 17:08 | Create | Archer |
| 17:24 | Build | Farm |
| 17:25 | Build | Farm |
| 17:25 | Build | Farm |
| 17:25 | Build | Farm |
| 17:25 | Build | Farm |
| 17:26 | Build | Farm |
| 17:26 | Build | Farm |
| 17:26 | Build | Farm |
| 17:31 | Create | Villager (Male) |
| 17:34 | Create | Archer |
| 17:34 | Create | Archer |
| 18:31 | Create | Villager (Male) |
| 18:47 | Create | Villager (Male) |
| 18:50 | Build | Farm |
| 18:51 | Build | Farm |
| 18:53 | Build | Farm |
| 18:55 | Build | Farm |
| 18:57 | Build | Farm |
| 18:59 | Build | Farm |
| 19:00 | Create | Villager (Male) |
| 19:04 | Build | Farm |
| 19:28 | Create | Villager (Male) |
| 20:00 | Build | Market |
| 20:07 | Build | Market |
| 20:11 | Build | Farm |
| 20:14 | Create | Villager (Male) |
| 20:17 | Build | Lumber Camp |
| 20:37 | Create | Villager (Male) |
| 21:16 | Research | Castle Age |
| 21:19 | Build | Stable |
| 22:10 | Create | Scout Cavalry |
| 22:13 | Research | Bloodlines |
| 22:14 | Research | Padded Archer Armor |
| 22:20 | Research | Gold Mining |
| 22:52 | Research | Wheelbarrow |
| 23:26 | Build | Archery Range |
| 23:56 | Age | Castle Age |
| 24:00 | Create | Cavalry Archer |
| 24:00 | Create | Cavalry Archer |
| 24:00 | Create | Cavalry Archer |
| 24:02 | Research | Bodkin Arrow |
| 24:07 | Build | University |
| 24:17 | Create | Cavalry Archer |
| 24:17 | Create | Cavalry Archer |
| 24:18 | Create | Cavalry Archer |
| 24:26 | Create | Villager (Male) |
| 24:48 | Build | Town Center |
| 24:50 | Create | Villager (Male) |
| 25:05 | Create | Cavalry Archer |
Build order — Kaarlos
First 150 of 425 actions detected
| 0:01 | Create | Villager (Male) |
| 0:01 | Create | Villager (Male) |
| 0:02 | Build | House |
| 0:03 | Build | House |
| 0:06 | Create | Villager (Male) |
| 0:06 | Create | Villager (Male) |
| 0:06 | Create | Villager (Male) |
| 1:24 | Build | Palisade Wall |
| 1:26 | Create | Villager (Male) |
| 1:26 | Create | Villager (Male) |
| 1:32 | Build | Palisade Wall |
| 1:35 | Build | Palisade Wall |
| 1:37 | Build | Palisade Wall |
| 1:44 | Build | Lumber Camp |
| 1:49 | Build | Palisade Wall |
| 1:52 | Build | Palisade Wall |
| 1:56 | Build | Palisade Wall |
| 1:59 | Create | Villager (Male) |
| 1:59 | Create | Villager (Male) |
| 2:06 | Build | Palisade Wall |
| 2:07 | Build | Palisade Wall |
| 2:09 | Build | Palisade Wall |
| 2:13 | Build | Palisade Wall |
| 2:19 | Build | Palisade Wall |
| 2:22 | Build | Palisade Wall |
| 2:25 | Build | Palisade Wall |
| 2:27 | Build | Palisade Wall |
| 2:33 | Create | Villager (Male) |
| 2:33 | Create | Villager (Male) |
| 2:45 | Create | Villager (Male) |
| 2:46 | Create | Villager (Male) |
| 3:04 | Create | Villager (Male) |
| 3:05 | Create | Villager (Male) |
| 3:27 | Build | House |
| 3:38 | Create | Villager (Male) |
| 4:04 | Create | Villager (Male) |
| 4:04 | Create | Villager (Male) |
| 4:29 | Create | Villager (Male) |
| 4:29 | Create | Villager (Male) |
| 4:40 | Build | House |
| 4:50 | Create | Villager (Male) |
| 4:51 | Create | Villager (Male) |
| 4:55 | Build | Mill |
| 5:10 | Create | Villager (Male) |
| 5:10 | Create | Villager (Male) |
| 6:05 | Create | Villager (Male) |
| 6:07 | Create | Villager (Male) |
| 6:20 | Create | Villager (Male) |
| 6:23 | Build | House |
| 7:14 | Build | Farm |
| 7:20 | Create | Villager (Male) |
| 7:35 | Build | Farm |
| 7:44 | Create | Villager (Male) |
| 8:13 | Create | Villager (Male) |
| 8:35 | Research | Feudal Age |
| 8:54 | Build | Mining Camp |
| 9:54 | Create | Villager (Male) |
| 9:55 | Create | Villager (Male) |
| 10:58 | Age | Feudal Age |
| 10:59 | Build | Market |
| 11:02 | Build | Blacksmith |
| 11:42 | Research | Castle Age |
| 11:49 | Research | Double-Bit Axe |
| 12:07 | Research | Horse Collar |
| 12:43 | Build | House |
| 13:06 | Build | Farm |
| 13:07 | Build | Farm |
| 13:55 | Create | Villager (Male) |
| 14:28 | Age | Castle Age |
| 14:30 | Build | Town Center |
| 14:31 | Research | Bow Saw |
| 14:37 | Create | Villager (Male) |
| 14:45 | Research | Heavy Plow |
| 14:47 | Create | Villager (Male) |
| 15:12 | Create | Villager (Male) |
| 15:18 | Build | Town Center |
| 15:24 | Create | Villager (Male) |
| 15:25 | Create | Villager (Male) |
| 15:25 | Create | Villager (Male) |
| 15:25 | Create | Villager (Male) |
| 15:40 | Build | Farm |
| 15:42 | Build | Farm |
| 15:43 | Create | Villager (Male) |
| 15:43 | Create | Villager (Male) |
| 15:48 | Build | House |
| 15:49 | Build | House |
| 15:55 | Build | House |
| 15:57 | Create | Villager (Male) |
| 16:01 | Build | Farm |
| 16:02 | Build | Farm |
| 16:13 | Build | Farm |
| 16:16 | Create | Villager (Male) |
| 16:17 | Create | Villager (Male) |
| 16:30 | Create | Villager (Male) |
| 16:30 | Create | Villager (Male) |
| 16:36 | Build | Farm |
| 16:38 | Create | Villager (Male) |
| 16:40 | Build | Farm |
| 16:44 | Build | Farm |
| 16:48 | Build | House |
| 17:01 | Build | Farm |
| 17:02 | Create | Villager (Male) |
| 17:02 | Create | Villager (Male) |
| 17:05 | Build | House |
| 17:15 | Build | Farm |
| 17:21 | Build | Farm |
| 17:21 | Create | Villager (Male) |
| 17:22 | Create | Villager (Male) |
| 17:26 | Build | Farm |
| 17:30 | Create | Villager (Male) |
| 17:30 | Create | Villager (Male) |
| 17:33 | Build | Farm |
| 17:34 | Build | Farm |
| 17:35 | Create | Villager (Male) |
| 17:35 | Create | Villager (Male) |
| 17:38 | Build | Farm |
| 17:42 | Build | House |
| 17:57 | Create | Villager (Male) |
| 17:57 | Create | Villager (Male) |
| 18:02 | Create | Villager (Male) |
| 18:02 | Create | Villager (Male) |
| 18:07 | Build | House |
| 18:08 | Create | Villager (Male) |
| 18:13 | Build | Farm |
| 18:15 | Build | Farm |
| 18:17 | Build | Farm |
| 18:21 | Build | Farm |
| 18:23 | Create | Villager (Male) |
| 18:23 | Create | Villager (Male) |
| 18:29 | Create | Villager (Male) |
| 18:30 | Create | Villager (Male) |
| 18:36 | Build | House |
| 18:37 | Create | Villager (Male) |
| 18:38 | Create | Villager (Male) |
| 18:40 | Build | Farm |
| 18:44 | Build | Lumber Camp |
| 18:48 | Create | Villager (Male) |
| 18:48 | Create | Villager (Male) |
| 18:53 | Build | Farm |
| 18:54 | Create | Villager (Male) |
| 18:57 | Build | House |
| 19:00 | Build | Farm |
| 19:01 | Create | Villager (Male) |
| 19:01 | Create | Villager (Male) |
| 19:08 | Build | Farm |
| 19:11 | Build | Farm |
| 19:14 | Create | Villager (Male) |
| 19:14 | Create | Villager (Male) |
| 19:16 | Create | Villager (Male) |
| 19:21 | Build | House |
Build order — 痛果牧羊人
First 150 of 531 actions detected
| 0:01 | Create | Villager (Male) |
| 0:02 | Build | House |
| 0:04 | Build | House |
| 0:08 | Create | Villager (Male) |
| 0:09 | Create | Villager (Male) |
| 0:12 | Create | Villager (Male) |
| 0:12 | Create | Villager (Male) |
| 1:25 | Create | Villager (Male) |
| 1:25 | Create | Villager (Male) |
| 1:53 | Create | Villager (Male) |
| 2:11 | Build | Lumber Camp |
| 2:16 | Create | Villager (Male) |
| 2:16 | Create | Villager (Male) |
| 2:47 | Create | Villager (Male) |
| 2:47 | Create | Villager (Male) |
| 2:48 | Create | Villager (Male) |
| 3:01 | Build | House |
| 3:11 | Create | Villager (Male) |
| 3:31 | Create | Villager (Male) |
| 3:31 | Create | Villager (Male) |
| 4:50 | Create | Villager (Male) |
| 5:04 | Create | Villager (Male) |
| 5:24 | Build | Mining Camp |
| 5:40 | Create | Villager (Male) |
| 6:28 | Research | Feudal Age |
| 6:28 | Research | Feudal Age |
| 6:28 | Research | Feudal Age |
| 7:05 | Build | Mill |
| 7:24 | Build | House |
| 7:41 | Create | Villager (Male) |
| 8:20 | Build | House |
| 8:22 | Create | Villager (Male) |
| 8:38 | Age | Feudal Age |
| 8:39 | Build | Blacksmith |
| 9:13 | Build | Siege Workshop |
| 9:14 | Create | Villager (Male) |
| 9:39 | Create | Villager (Male) |
| 9:58 | Create | Battering Ram |
| 9:58 | Create | Battering Ram |
| 10:00 | Create | Villager (Male) |
| 10:20 | Create | Battering Ram |
| 10:21 | Create | Battering Ram |
| 10:34 | Create | Villager (Male) |
| 10:34 | Create | Villager (Male) |
| 10:47 | Create | Villager (Male) |
| 11:03 | Create | Battering Ram |
| 11:04 | Create | Battering Ram |
| 11:05 | Create | Villager (Male) |
| 11:23 | Create | Villager (Male) |
| 11:34 | Create | Villager (Male) |
| 11:41 | Create | Battering Ram |
| 11:41 | Create | Battering Ram |
| 11:42 | Create | Villager (Male) |
| 11:43 | Create | Villager (Male) |
| 11:54 | Create | Villager (Male) |
| 12:05 | Build | House |
| 12:27 | Create | Villager (Male) |
| 12:46 | Build | Town Center |
| 12:54 | Create | Villager (Male) |
| 13:01 | Create | Villager (Male) |
| 13:14 | Create | Villager (Male) |
| 13:17 | Research | Double-Bit Axe |
| 13:17 | Research | Double-Bit Axe |
| 13:17 | Research | Double-Bit Axe |
| 13:30 | Research | Horse Collar |
| 13:31 | Research | Horse Collar |
| 13:31 | Research | Horse Collar |
| 13:38 | Build | House |
| 13:47 | Create | Villager (Male) |
| 13:47 | Create | Villager (Male) |
| 13:51 | Build | Farm |
| 14:09 | Build | Farm |
| 14:24 | Create | Villager (Male) |
| 14:24 | Create | Villager (Male) |
| 14:27 | Build | Farm |
| 14:34 | Create | Villager (Male) |
| 14:35 | Create | Villager (Male) |
| 14:36 | Create | Villager (Male) |
| 14:36 | Create | Villager (Male) |
| 14:38 | Build | Farm |
| 14:39 | Create | Villager (Male) |
| 14:39 | Create | Villager (Male) |
| 15:02 | Create | Villager (Male) |
| 15:02 | Create | Villager (Male) |
| 15:03 | Build | Farm |
| 15:13 | Create | Villager (Male) |
| 15:13 | Create | Villager (Male) |
| 15:16 | Build | Farm |
| 15:17 | Build | Farm |
| 15:23 | Build | House |
| 15:30 | Create | Villager (Male) |
| 15:32 | Build | Farm |
| 15:33 | Build | Farm |
| 15:53 | Create | Villager (Male) |
| 15:53 | Create | Villager (Male) |
| 15:58 | Create | Villager (Male) |
| 15:59 | Create | Villager (Male) |
| 16:24 | Create | Villager (Male) |
| 16:24 | Create | Villager (Male) |
| 16:30 | Create | Villager (Male) |
| 16:30 | Create | Villager (Male) |
| 16:30 | Create | Villager (Male) |
| 16:39 | Create | Villager (Male) |
| 16:41 | Build | Farm |
| 16:41 | Build | Farm |
| 16:42 | Build | Farm |
| 16:42 | Build | Farm |
| 16:42 | Build | Farm |
| 16:45 | Build | Farm |
| 16:58 | Build | Farm |
| 17:11 | Create | Villager (Male) |
| 17:19 | Build | Farm |
| 17:21 | Create | Villager (Male) |
| 17:43 | Build | Farm |
| 17:46 | Build | Farm |
| 17:50 | Create | Villager (Male) |
| 17:53 | Create | Villager (Male) |
| 18:05 | Build | Farm |
| 18:22 | Create | Villager (Male) |
| 18:25 | Build | Barracks |
| 18:27 | Create | Villager (Male) |
| 18:30 | Build | House |
| 18:33 | Build | Farm |
| 18:36 | Build | Farm |
| 18:37 | Create | Villager (Male) |
| 18:40 | Build | Farm |
| 18:42 | Create | Villager (Male) |
| 18:46 | Build | Farm |
| 19:00 | Build | Mill |
| 19:03 | Build | Lumber Camp |
| 19:05 | Create | Villager (Male) |
| 19:17 | Create | Villager (Male) |
| 19:37 | Build | Stable |
| 19:38 | Create | Villager (Male) |
| 19:41 | Build | Farm |
| 19:49 | Build | Mining Camp |
| 19:51 | Create | Villager (Male) |
| 19:55 | Create | Villager (Male) |
| 20:07 | Research | Castle Age |
| 20:07 | Research | Castle Age |
| 20:11 | Create | Villager (Male) |
| 20:11 | Create | Villager (Male) |
| 20:16 | Build | Farm |
| 20:36 | Build | Stable |
| 20:38 | Create | Villager (Male) |
| 20:38 | Create | Villager (Male) |
| 20:38 | Create | Villager (Male) |
| 20:39 | Create | Villager (Male) |
| 20:56 | Create | Villager (Male) |
| 20:57 | Create | Villager (Male) |
Build order — Hui
First 150 of 367 actions detected
| 0:03 | Create | Villager (Male) |
| 0:03 | Create | Villager (Male) |
| 0:04 | Build | House |
| 0:06 | Build | House |
| 0:08 | Create | Villager (Male) |
| 0:08 | Create | Villager (Male) |
| 0:08 | Create | Villager (Male) |
| 1:20 | Create | Villager (Male) |
| 1:21 | Create | Villager (Male) |
| 1:59 | Build | Palisade Wall |
| 2:01 | Create | Villager (Male) |
| 2:01 | Create | Villager (Male) |
| 2:14 | Build | Palisade Gate |
| 2:18 | Create | Villager (Male) |
| 2:47 | Create | Villager (Male) |
| 2:47 | Create | Villager (Male) |
| 3:11 | Build | House |
| 3:31 | Create | Villager (Male) |
| 3:32 | Create | Villager (Male) |
| 4:06 | Create | Villager (Male) |
| 4:15 | Create | Villager (Male) |
| 4:30 | Build | Lumber Camp |
| 4:45 | Build | Palisade Gate |
| 5:05 | Build | Palisade Wall |
| 5:07 | Create | Villager (Male) |
| 5:07 | Create | Villager (Male) |
| 5:28 | Build | Palisade Wall |
| 5:30 | Build | Palisade Wall |
| 5:43 | Create | Villager (Male) |
| 5:44 | Create | Villager (Male) |
| 5:44 | Create | Villager (Male) |
| 5:44 | Create | Villager (Male) |
| 6:09 | Create | Villager (Male) |
| 6:09 | Create | Villager (Male) |
| 6:09 | Create | Villager (Male) |
| 6:30 | Build | Mill |
| 6:34 | Build | House |
| 7:36 | Build | House |
| 8:00 | Build | Mining Camp |
| 8:52 | Research | Feudal Age |
| 8:53 | Research | Feudal Age |
| 9:01 | Build | House |
| 9:12 | Create | Villager (Male) |
| 9:55 | Build | Farm |
| 9:58 | Build | Farm |
| 10:38 | Create | Villager (Male) |
| 11:10 | Age | Feudal Age |
| 11:15 | Build | Market |
| 11:19 | Build | Blacksmith |
| 12:05 | Research | Castle Age |
| 12:05 | Research | Castle Age |
| 12:20 | Research | Double-Bit Axe |
| 12:20 | Research | Double-Bit Axe |
| 12:39 | Research | Horse Collar |
| 12:39 | Research | Horse Collar |
| 12:42 | Build | Farm |
| 12:44 | Build | Farm |
| 12:57 | Build | House |
| 12:58 | Build | House |
| 13:00 | Create | Villager (Male) |
| 13:07 | Build | Farm |
| 13:26 | Build | Farm |
| 14:12 | Build | House |
| 14:44 | Research | Loom |
| 14:45 | Age | Castle Age |
| 14:50 | Build | Siege Workshop |
| 14:53 | Build | House |
| 14:55 | Build | House |
| 14:56 | Build | House |
| 15:00 | Create | Villager (Male) |
| 15:12 | Create | Mangonel |
| 15:12 | Create | Mangonel |
| 15:19 | Build | Mining Camp |
| 15:27 | Create | Villager (Male) |
| 15:29 | Create | Villager (Male) |
| 15:33 | Research | Fletching |
| 15:33 | Research | Fletching |
| 15:57 | Create | Villager (Male) |
| 17:01 | Create | Scorpion |
| 17:10 | Build | Stone Wall |
| 17:17 | Create | Scorpion |
| 17:22 | Build | Town Center |
| 18:02 | Create | Villager (Male) |
| 18:04 | Create | Villager (Male) |
| 18:18 | Create | Villager (Male) |
| 18:42 | Create | Villager (Male) |
| 19:25 | Build | Town Center |
| 19:28 | Build | Mill |
| 19:39 | Build | House |
| 19:50 | Build | Farm |
| 19:51 | Build | Farm |
| 20:14 | Build | House |
| 20:45 | Build | House |
| 20:46 | Create | Villager (Male) |
| 20:47 | Create | Villager (Male) |
| 21:12 | Create | Villager (Male) |
| 21:13 | Build | Farm |
| 21:14 | Build | Farm |
| 21:20 | Build | Farm |
| 21:33 | Build | Farm |
| 21:35 | Build | Farm |
| 21:38 | Create | Villager (Male) |
| 21:38 | Create | Villager (Male) |
| 21:41 | Build | Farm |
| 21:53 | Build | Farm |
| 21:55 | Build | Farm |
| 22:07 | Build | Farm |
| 22:09 | Create | Villager (Male) |
| 22:09 | Create | Villager (Male) |
| 22:18 | Build | Farm |
| 22:23 | Create | Villager (Male) |
| 22:23 | Create | Villager (Male) |
| 22:36 | Create | Villager (Male) |
| 22:45 | Build | Farm |
| 22:51 | Create | Villager (Male) |
| 22:51 | Create | Villager (Male) |
| 23:00 | Create | Villager (Male) |
| 23:01 | Create | Villager (Male) |
| 23:14 | Create | Villager (Male) |
| 23:14 | Create | Villager (Male) |
| 23:19 | Build | Lumber Camp |
| 23:32 | Create | Villager (Male) |
| 23:32 | Create | Villager (Male) |
| 23:49 | Create | Villager (Male) |
| 23:49 | Create | Villager (Male) |
| 24:04 | Create | Villager (Male) |
| 24:05 | Create | Mangonel |
| 24:22 | Create | Villager (Male) |
| 24:22 | Create | Villager (Male) |
| 24:27 | Build | House |
| 24:28 | Create | Villager (Male) |
| 24:48 | Build | Town Center |
| 25:02 | Create | Villager (Male) |
| 25:02 | Create | Villager (Male) |
| 25:05 | Create | Villager (Male) |
| 25:05 | Create | Villager (Male) |
| 25:05 | Create | Villager (Male) |
| 25:15 | Build | House |
| 25:22 | Create | Villager (Male) |
| 25:31 | Create | Villager (Male) |
| 25:31 | Create | Villager (Male) |
| 25:43 | Build | House |
| 25:56 | Build | House |
| 26:02 | Create | Villager (Male) |
| 26:15 | Build | House |
| 26:30 | Build | Farm |
| 26:31 | Build | Farm |
| 26:31 | Create | Mangonel |
| 26:32 | Create | Mangonel |
| 26:36 | Research | Town Watch |
Match timeline
| 1:24 | Kaarlos · wall_segment Palisade Wall x1 |
| 1:32 | Kaarlos · wall_segment Palisade Wall x1 |
| 1:35 | Kaarlos · wall_segment Palisade Wall x1 |
| 1:37 | Kaarlos · wall_segment Palisade Wall x1 |
| 1:49 | Kaarlos · wall_segment Palisade Wall x1 |
| 1:52 | Kaarlos · wall_segment Palisade Wall x1 |
| 1:56 | Kaarlos · wall_segment Palisade Wall x1 |
| 1:59 | Hui · wall_segment Palisade Wall x13 |
| 2:06 | Kaarlos · wall_segment Palisade Wall x1 |
| 2:07 | Kaarlos · wall_segment Palisade Wall x1 |
| 2:09 | Kaarlos · wall_segment Palisade Wall x1 |
| 2:13 | Kaarlos · wall_segment Palisade Wall x1 |
| 2:19 | Kaarlos · wall_segment Palisade Wall x1 |
| 2:22 | Kaarlos · wall_segment Palisade Wall x2 |
| 2:25 | Kaarlos · wall_segment Palisade Wall x1 |
| 2:27 | Kaarlos · wall_segment Palisade Wall x1 |
| 4:33 | AceRx · wall_segment Palisade Wall x1 |
| 4:47 | Akira · wall_segment Palisade Wall x1 |
| 4:50 | Akira · wall_segment Palisade Wall x1 |
| 4:54 | Akira · wall_segment Palisade Wall x1 |
| 4:55 | Akira · wall_segment Palisade Wall x1 |
| 5:04 | Akira · wall_segment Palisade Wall x1 |
| 5:05 | Hui · wall_segment Palisade Wall x7 |
| 5:05 | Akira · wall_segment Palisade Wall x1 |
| 5:06 | Akira · wall_segment Palisade Wall x1 |
| 5:07 | AceRx · wall_segment Palisade Wall x1 |
| 5:10 | Akira · wall_segment Palisade Wall x1 |
| 5:13 | AceRx · wall_segment Palisade Wall x1 |
| 5:15 | AceRx · wall_segment Palisade Wall x1 |
| 5:15 | Akira · wall_segment Palisade Wall x1 |
| 5:20 | Akira · wall_segment Palisade Wall x1 |
| 5:24 | Akira · wall_segment Palisade Wall x1 |
| 5:28 | Hui · wall_segment Palisade Wall x1 |
| 5:29 | Akira · wall_segment Palisade Wall x1 |
| 5:30 | Hui · wall_segment Palisade Wall x1 |
| 5:31 | Akira · wall_segment Palisade Wall x1 |
| 5:34 | Akira · wall_segment Palisade Wall x1 |
| 6:03 | YukiYukiYukino · wall_segment Palisade Wall x1 |
| 6:09 | YukiYukiYukino · wall_segment Palisade Wall x1 |
| 6:10 | YukiYukiYukino · wall_segment Palisade Wall x1 |
| 6:13 | YukiYukiYukino · wall_segment Palisade Wall x1 |
| 6:18 | YukiYukiYukino · wall_segment Palisade Wall x1 |
| 6:20 | YukiYukiYukino · wall_segment Palisade Wall x1 |
| 6:25 | YukiYukiYukino · wall_segment Palisade Wall x1 |
| 6:28 | YukiYukiYukino · wall_segment Palisade Wall x1 |
| 6:32 | YukiYukiYukino · wall_segment Palisade Wall x1 |
| 6:34 | YukiYukiYukino · wall_segment Palisade Wall x1 |
| 6:38 | YukiYukiYukino · wall_segment Palisade Wall x1 |
| 6:44 | YukiYukiYukino · wall_segment Palisade Wall x1 |
| 6:52 | YukiYukiYukino · wall_segment Palisade Wall x1 |
| 6:55 | YukiYukiYukino · wall_segment Palisade Wall x1 |
| 8:08 | 0.o · first_building Barracks |
| 8:27 | [hkbb] Munzo__ · first_building Barracks |
| 8:38 | 痛果牧羊人 · age_up feudal |
| 9:13 | 痛果牧羊人 · first_building Siege Workshop |
| 9:41 | 0.o · age_up feudal |
| 9:43 | 0.o · first_building Archery Range |
| 10:32 | YukiYukiYukino · age_up feudal |
| 10:36 | Akira · age_up feudal |
| 10:56 | [hkbb] Munzo__ · age_up feudal |
| 10:57 | [hkbb] Munzo__ · first_building Stable |
| 10:58 | Kaarlos · age_up feudal |
| 11:10 | Hui · age_up feudal |
| 11:21 | AceRx · age_up feudal |
| 14:06 | Akira · age_up castle |
| 14:07 | YukiYukiYukino · age_up castle |
| 14:09 | YukiYukiYukino · first_building Monastery |
| 14:28 | Kaarlos · age_up castle |
| 14:31 | [hkbb] Munzo__ · age_up castle |
| 14:32 | [hkbb] Munzo__ · first_building Monastery |
| 14:45 | Hui · age_up castle |
| 14:50 | Hui · first_building Siege Workshop |
| 14:53 | Kaarlos · first_market_buy 100 food |
| 14:55 | AceRx · first_building Barracks |
| 15:02 | Hui · first_market_sell 100 food |
| 15:03 | AceRx · age_up castle |
| 15:38 | AceRx · first_building Stable |
| 17:10 | Hui · wall_segment Stone Wall x5 |
| 18:25 | 痛果牧羊人 · first_building Barracks |
| 19:23 | Hui · first_market_buy 100 stone |
| 19:33 | AceRx · first_market_buy 100 stone |
| 19:37 | 痛果牧羊人 · first_building Stable |
| 21:15 | 0.o · first_market_buy 100 food |
| 21:19 | 0.o · first_building Stable |
| 22:47 | 痛果牧羊人 · age_up castle |
| 23:34 | Kaarlos · first_building Siege Workshop |
| 23:44 | Akira · first_building Monastery |
| 23:55 | Kaarlos · first_building Barracks |
| 23:56 | 0.o · age_up castle |
| 24:20 | YukiYukiYukino · first_building Siege Workshop |
| 24:49 | Akira · first_building Castle |
| 25:03 | Kaarlos · first_building Stable |
| 25:04 | Akira · wall_segment Stone Wall x1 |
| 25:04 | Kaarlos · first_building Archery Range |
| 25:27 | [hkbb] Munzo__ · first_building Castle |
| 25:39 | AceRx · first_market_sell 100 wood |
| 25:45 | AceRx · first_building Castle |
| 25:54 | Akira · first_building Barracks |
| 26:03 | Kaarlos · first_building Castle |
| 26:26 | YukiYukiYukino · first_building Barracks |
| 26:39 | Akira · first_building Archery Range |
| 27:12 | [hkbb] Munzo__ · first_building Siege Workshop |
| 27:24 | Akira · age_up imperial |
| 27:31 | Akira · first_market_sell 100 wood |
| 28:32 | Kaarlos · age_up imperial |
| 28:36 | YukiYukiYukino · age_up imperial |
| 28:37 | Akira · first_building Siege Workshop |
| 28:38 | Hui · wall_segment Stone Wall x7 |
| 28:50 | Kaarlos · wall_segment Stone Wall x9 |
| 28:58 | 痛果牧羊人 · first_building Monastery |
| 29:43 | [hkbb] Munzo__ · age_up imperial |
| 30:21 | Kaarlos · wall_segment Stone Wall x8 |
| 31:39 | YukiYukiYukino · first_building Castle |
| 31:56 | Hui · first_building Castle |
| 32:41 | YukiYukiYukino · first_market_sell 100 food |
| 32:49 | 痛果牧羊人 · age_up imperial |
| 33:19 | AceRx · age_up imperial |
| 33:29 | 痛果牧羊人 · first_building Castle |
| 35:36 | 0.o · first_market_sell 100 stone |
| 36:16 | 0.o · first_building Monastery |
| 36:48 | Kaarlos · first_market_sell 100 food |
| 36:49 | Hui · first_building Barracks |
| 36:54 | Hui · age_up imperial |
| 38:34 | [hkbb] Munzo__ · resign |
[ AI ANALYSIS · 1 CREDIT ]
What really happened in this match?
Wolo.gg analyzes every decision: build order, eco, micro, common mistakes by bracket. Personalized analysis on WhatsApp or Discord in 30 seconds.
Civ guide
Japanese
Perfil
[hkbb] Munzo__